 Dungeon Crawl Stone Soup version 0.22-a0-567-gff9aefc (webtiles) character file.

689 Hebeh the Chopper (level 7, -5/61 HPs)
             Began as a Minotaur Fighter on June 29, 2018.
             Slain by a gnoll
             ... wielding a +0 halberd
              (11 damage)
             ... on level 5 of the Dungeon.
             The game lasted 00:09:39 (4247 turns).

Hebeh the Chopper (Minotaur Fighter)                Turns: 4247, Time: 00:09:43

Health: -5/61      AC:  8    Str: 22    XL:     7   Next: 36%
Magic:  6/6        EV:  8    Int:  5    God:
Gold:   314        SH: 10    Dex: 10    Spells: 6/6 levels left

rFire    . . .     SeeInvis .   a - +0 war axe
rCold    . . .     Gourm    .   c - +0 shield
rNeg     . . .     Faith    .   b - +0 scale mail
rPois    .         Spirit   .   (helmet restricted)
rElec    .         Reflect  .   (no cloak)
rCorr    .         Harm     .   (no gloves)
MR       .....                  n - +0 pair of boots
Stlth    ..........             (no amulet)
HPRegen  0.20/turn              (no ring)
MPRegen  0.10/turn              (no ring)

@: no status effects
A: retaliatory headbutt, horns 2
a: no special abilities


You were on level 5 of the Dungeon.
You were not hungry.

You visited 1 branch of the dungeon, and saw 5 of its levels.

You collected 314 gold pieces.

Inventory:

Hand Weapons
 a - a +0 war axe (weapon)
Armour
 b - a +0 scale mail (worn)
 c - a +0 shield (worn)
 n - a +0 pair of boots (worn)
Jewellery
 p - a cursed -2 ring of strength {unknown}
 u - an uncursed amulet of guardian spirit {unknown}
Wands
 x - a wand of clouds (6)
Scrolls
 e - 7 scrolls of identify {unknown}
 g - a scroll of fog {unknown}
 i - 2 scrolls of teleportation {unknown}
 j - a scroll of immolation {unknown}
 m - 2 scrolls of noise {unknown}
 r - 3 scrolls of remove curse {unknown}
 v - 2 scrolls of random uselessness {unknown}
Potions
 d - 3 potions of might
 h - a potion of lignification {unknown}
 k - 2 potions of cancellation {unknown}
 l - a potion of agility {unknown}
 o - a potion of mutation {unknown}
 q - a potion of berserk rage {unknown}
 t - 2 potions of heal wounds {unknown}
 w - a potion of curing {unknown}
 z - 2 potions of brilliance {unknown}
Comestibles
 f - 5 rations
 s - a chunk of flesh


   Skills:
 + Level 5.6 Fighting
 * Level 6.5 Axes
 + Level 5.6 Armour
 + Level 5.7 Shields


You had 6 spell levels left.
You didn't know any spells.
Your spell library was empty.

Dungeon Overview and Level Annotations

Branches:
Dungeon (5/15)
 Temple: D:4-7

Altars:
Hepliaklqana
Nemelex Xobeh
Okawaru
Ru
Xom


Innate Abilities, Weirdness & Mutations

You reflexively headbutt those who attack you in melee.
You have a pair of horns on your head.


Message History

The gnoll hits you with a spear.
* * * LOW HITPOINT WARNING * * *
You hit the leopard gecko.
You kill the leopard gecko!
You closely miss the gnoll. The gnoll hits you with a spear.
* * * LOW HITPOINT WARNING * * *
You block the gnoll's attack.
You closely miss the scorpion. You hit the gnoll.
You are no longer corroded.
The gnoll hits you but does no damage. The scorpion stings you.
* * * LOW HITPOINT WARNING * * *
The gnoll hits you but does no damage.
You hit the scorpion.
The scorpion is moderately wounded.
You slash the gnoll!
You kill the gnoll!
The scorpion stings you.
* * * LOW HITPOINT WARNING * * *
The gnoll hits you from afar with a halberd!
You die...

#.#.# #.# ....# #.#
#.#.# #.# ###.#####
#.######
........####......#
###.###...........#
.##.# #.########..#
..#.# #.# #..#
....# #.# #@s#
...####.#
#.....)g......
........#
#.###..#......
<..####.#
#.>###...# #.## #..
#..# ..# #... #..#
## ..### ...# ...
.... ..


You could see a scorpion and a gnoll.

Vanquished Creatures
  Prince Ribbit (D:5)
  A phantom (D:3)
  A jelly (D:5)
  A hound (D:5)
  Jessica (D:3)
  A gnoll shaman (D:4)
  A worker ant (D:5)
  7 gnolls
  7 adders
  2 river rats (D:4)
  A shadow imp (D:5)
  An ooze (D:3)
  An adder zombie (D:5)
  2 worms
  3 dart slugs
  3 leopard geckos
  3 orcs
  A ball python (D:5)
  2 giant cockroaches
  11 goblins
  11 hobgoblins
  7 jackals
  A quokka (D:3)
  8 bats
  7 frilled lizards
  6 kobolds
  15 rats
106 creatures vanquished.

Notes
Turn   | Place    | Note
-------+----------+-------------------------------------------
     0 | D:1      | Hebeh the Minotaur Fighter began the quest for the Orb.
     0 | D:1      | Reached XP level 1. HP: 19/19 MP: 0/0
   198 | D:1      | Reached XP level 2. HP: 24/27 MP: 1/1
   223 | D:1      | Reached skill level 3 in Axes
   390 | D:1      | Reached XP level 3. HP: 33/33 MP: 2/2
  1599 | D:2      | Reached XP level 4. HP: 40/40 MP: 3/3
  1979 | D:3      | Reached skill level 4 in Axes
  2046 | D:3      | Found a faded altar of an unknown god.
  2058 | D:3      | Noticed Jessica
  2061 | D:3      | Killed Jessica
  2061 | D:3      | Reached XP level 5. HP: 11/47 MP: 4/4
  2364 | D:3      | Found a shimmering altar of Xom.
  2435 | D:3      | Found a hazy altar of Hepliaklqana.
  2875 | D:4      | Noticed a phantom
  3089 | D:3      | Killed a phantom
  3089 | D:3      | Reached skill level 5 in Axes
  3089 | D:3      | Reached XP level 6. HP: 28/55 MP: 5/5
  3254 | D:4      | Reached skill level 5 in Fighting
  3254 | D:4      | Reached skill level 5 in Armour
  3254 | D:4      | Reached skill level 5 in Shields
  3384 | D:4      | Found a sparkling altar of Nemelex Xobeh.
  3685 | D:5      | Entered Level 5 of the Dungeon
  3685 | D:5      | Found an iron altar of Okawaru.
  3820 | D:5      | Noticed Prince Ribbit
  3844 | D:5      | Killed Prince Ribbit
  3844 | D:5      | Reached skill level 6 in Axes
  3844 | D:5      | Reached XP level 7. HP: 29/61 MP: 6/6
  4033 | D:5      | Found a sacrificial altar of Ru.
  4247 | D:5      | Slain by a gnoll

Vault maps used:
D:1:      nicolae_arrival_memento_mori
D:2:      first_ration
D:3:      nicolae_overflow_hidden_temple, nicolae_overflow_crystal_walls,
          chequers_ecumenical_altar_island, uniq_jessica
D:4:      nemelex_xobeh_ov_fountains_minmay, gup_sewer_entry_bubbles
D:5:      lemuel_doored_altar, basic_altar, uniq_edmund, uniq_prince_ribbit1

Skill      XL: |  1  2  3  4  5  6 |
---------------+-------------------+-----
Axes           | 3 4 5 6 |  6.5
Armour         | 4 5 |  5.6
Shields        | 4 5 |  5.7
Fighting       | 4 5 |  5.6

Action                   |  1- 3 |  4- 6 |  7- 9 || total
-------------------------+-------+-------+-------++-------
Melee: War axe           |   103 |   136 |    24 ||   263
       Headbutt          |    13 |    17 |     3 ||    33
  Eat: Chunk             |     2 |     8 |     1 ||    11
Armor: Scale mail        |    38 |    61 |     7 ||   106
Dodge: Dodged            |    29 |    34 |    16 ||    79
Block: Shield            |    53 |    75 |    10 ||   138

Table legend:
 A = Spawn XP
 B = Non-spawn XP
 C = Spawn XP percentage of total XP
 D = Spawn monster count
 E = Non-spawn monster count
 F = Spawn count percentage of total count
 G = Total turns spent on level
                    A         B        C        D         E        F      G
               +---------+---------+-------+---------+---------+-------+---------
         Total |       0 |     985 |   0.0 |       0 |     106 |   0.0 |  4247
               +---------+---------+-------+---------+---------+-------+---------
           D:1 |       0 |      49 |   0.0 |       0 |      32 |   0.0 |   803
           D:2 |       0 |      69 |   0.0 |       0 |      24 |   0.0 |  1144
           D:3 |       0 |     305 |   0.0 |       0 |      24 |   0.0 |  1279
           D:4 |       0 |     103 |   0.0 |       0 |      12 |   0.0 |   487
           D:5 |       0 |     459 |   0.0 |       0 |      14 |   0.0 |   534
               +---------+---------+-------+---------+---------+-------+---------
